 Dungeon Crawl Stone Soup version 0.29.0-11-gd7f09526c8 (webtiles) character file.

Game seed: 16659372341559501872

14 greasedhog the Cudgeller (level 2, -2/27 HPs)
             Began as a Meteoran Berserker on Sept 6, 2022.
             Was a Follower of Trog.
             Slain by an adder (3 damage)
             ... on level 3 of the Dungeon.
             The game lasted 00:01:00 (202 turns).

greasedhog the Cudgeller (Meteoran Berserker)        Turns: 202, Time: 00:01:01

Health: -2/27      AC:  2    Str: 18    XL:     2   Next: 76%
Magic:  3/3        EV: 12    Int:  8    God:    Trog [*.....]
Gold:   37         SH:  0    Dex: 13    Spells: 1/1 levels left

rFire   . . .      SeeInvis .   a - +0 mace
rCold   . . .      Faith    .   (no shield)
rNeg    . . .      Spirit   .   b - +0 animal skin
rPois   .          Reflect  .   (no helmet)
rElec   .          Harm     .   (no cloak)
rCorr   .          Rampage  .   (no gloves)
Will    .....                   (no boots)
Stlth   +.........              (no amulet)
HPRegen 0.09/turn               (no ring)
MPRegen 0.08/turn               (no ring)

@: lethally poisoned (-2 -> -12), on berserk cooldown, slowed, glowing, very
slow
A: sense surroundings 1, otherworldly, glowing, explore regen
a: Renounce Religion, Berserk


You were on level 3 of the Dungeon.
You worshipped Trog.
Trog was aware of your devotion.
You visited 1 branch of the dungeon, and saw 3 of its levels.

You collected 37 gold pieces.

Inventory:

Hand Weapons
 a - a +0 mace (weapon)
Armour
 b - a +0 animal skin (worn)


   Skills:
 * Level 3.7 Fighting
 * Level 4.5 Maces & Flails
 - Level 2.4 Armour
 - Level 2.4 Dodging


You had one spell level left.
You didn't know any spells.
Your spell library was empty.

Dungeon Overview and Level Annotations

Branches:
Dungeon (3/15) Zot: 1573

Altars:


Innate Abilities, Weirdness & Mutations

You passively map a small area around you.
You are easily found by Zot.
You glow in the dark.
You regain HP and MP as you explore.


Message History

The dart slug launches a dart at you. The slug dart misses you.
The adder bites you.
Found 7 gold pieces.
There is a stone staircase leading down, spattered with blood here.
The bat hits you but does no damage. The adder bites you. The bat hits you.
The adder bites you.
You climb downwards.
There is a stone staircase leading up here.
You hit the adder.
The adder is heavily wounded.
The bat hits you. x2; The adder closely misses you.
The adder bites you.
You miss the adder.
The adder is heavily wounded.
The bat hits you.
* * * LOW HITPOINT WARNING * * *
The bat barely misses you. The adder barely misses you. The adder bites you.
* * * LOW HITPOINT WARNING * * *
You are lethally poisoned!
The adder poisons you!
It was a potion of curing.
You feel better. The bat barely misses you. The adder barely misses you.
The adder bites you.
You are poisoned.
The adder poisons you! The bat hits you but does no damage.
You barely miss the adder.
The adder is heavily wounded.
You feel sick. The bat hits you but does no damage. The adder bites you.
You are lethally poisoned!
The adder poisons you! The adder bites you.
You are more poisoned.
The adder poisons you! The adder barely misses you.
You barely miss the adder.
The adder is moderately wounded.
* * * LOW HITPOINT WARNING * * *
You feel very sick. The bat hits you.
* * * LOW HITPOINT WARNING * * *
The adder bites you.
* * * LOW HITPOINT WARNING * * *
The adder bites you.
You die...

** ##### , * #...#
### * , , #...###
#.. , * ......####
#.# <......... #.# *
## ......## * #.# *
.. # , #...###
##.####.#.... ,
....# #...b@S....#
#..## #..#######.#
#..# #..# #.†# #..#
, * #..# #..# * ,
.).# #.## * , #.)#
#.# * #..## #.# * *
* ,*
....########†####...
,


You could see an adder and a bat.

Vanquished Creatures
  A bat (D:1)
  An endoplasm (D:1)
  2 goblins
  A hobgoblin (D:3)
  3 jackals (D:3)
  3 ball pythons
11 creatures vanquished.

Notes
Turn   | Place    | Note
-------+----------+-------------------------------------------
     0 | D:1      | greasedhog the Meteoran Berserker began the quest for the
                  | Orb.
     0 | D:1      | Reached XP level 1. HP: 19/19 MP: 2/2
    55 | D:1      | Reached XP level 2. HP: 19/26 MP: 3/3
   202 | D:3      | HP: 1/27 [adder (1)]
   202 | D:3      | Slain by an adder

Illustrated notes

Levels and vault maps discovered:
D:1:      ncdulo_halloftheorcs, layout_basic
D:2:      layout_basic, basic_ecumenical_altar, st_stairs_10,
          grunt_ministairs_1, uniq_terence, uniq_sigmund
D:3:      layout_loops_ring, kennysheep_generic_room_16, uniq_jessica,
          uniq_natasha, uniq_grinder

Action                   || total
-------------------------++-------
Melee: Mace              ||    41
Invok: Berserk           ||     1
  Use: Scroll            ||     2
       Potion            ||     1
Armor: Animal skin       ||    16
Dodge: Dodged            ||    37
